Map: Ulrena

Players

capac - Winner!

  • Race: Terran Terran
  • League: Gold

Roshyo

  • Race: Protoss Protoss
  • League: Silver

VOD

Have the link to the VOD?

Description

Time

  • Played on: April 26, 2016, 1:55 p.m.
  • Length: 13:35
Show
View Real Time Build Order
Export as new Build Order

capac Terran - Winner!

Build Orders: Reaper Expand, MMM Bio 

Get SALT Encoding   

  12  0:00  SCV  
  13  0:13  SCV  
  14  0:18  Supply Depot  
  14  0:25  SCV  
  15  0:39  SCV  
  15  0:40  Barracks  
  16  0:46  Refinery  
  16  0:51  SCV  
  17  1:03  SCV  
  18  1:16  SCV  
  19  1:28  Orbital Command  
  19  1:34  Reaper  
  20  1:52  Supply Depot  
  20  1:53  Command Center  
  20  1:58  SCV  
  21  2:26  Marine  
  22  2:32  Factory  
  22  2:33  Barracks  
  22  2:36  SCV  
  23  2:44  Refinery  
  23  2:53  SCV  
  23  2:56  Barracks Reactor  
  24  3:05  SCV  
  25  3:08  Bunker  
  25  3:17  Orbital Command, SCV  
  26  3:21  Starport  
  26  3:22  Factory Tech Lab  
  26  3:23  Barracks Tech Lab  
  26  3:26  Barracks  
  26  3:30  SCV  
  27  3:34  Marine x2  
  29  3:42  SCV  
  29  3:48  Siege Tank  
  33  3:50  Marine  
  34  4:01  Supply Depot  
  34  4:04  Medivac  
  36  4:10  SCV x2  
  36  4:16  Barracks Reactor  
  38  4:21  Supply Depot  
  38  4:28  SCV x2  
  40  4:32  Marine x3, Stimpack  
  43  4:39  Refinery  
  43  4:40  SCV x2  
  45  4:46  Supply Depot  
  45  4:51  Siege Tank  
  45  4:52  Marine x3, SCV  
  50  4:54  Marine  
  50  4:58  SCV  
  54  5:02  Starport Reactor  
  54  5:04  Marine  
  54  5:06  SCV  
  56  5:12  Command Center  
  56  5:20  SCV  
  56  5:21  Engineering Bay  
  57  5:23  Engineering Bay  
  57  5:26  SCV  
  58  5:30  Marine x4  
  58  5:32  SCV  
  58  5:33  Marine  
  64  5:38  SCV  
  64  5:41  Supply Depot  
  65  5:47  SCV  
  65  5:49  Supply Depot  
  66  5:50  Siege Tank  
  66  5:55  SCV  
  70  6:02  Medivac x2  
  70  6:03  SCV  
  70  6:04  Refinery, Marine x3  
  75  6:10  Marine x2  
  80  6:12  Supply Depot  
  80  6:16  SCV x2  
  82  6:21  Marine  
  82  6:22  Marine x2  
  85  6:28  Marine  
  86  6:38  Supply Depot  
  86  6:41  Supply Depot  
  86  6:43  Terran Infantry Weapons Level 1  
  86  6:46  Terran Infantry Armor Level 1  
  86  6:48  Marine x5  
  91  7:06  Marine  
  92  7:11  SCV  
  92  7:12  Supply Depot, SCV  
  92  7:14  Missile Turret  
  94  7:19  Barracks  
  94  7:20  Barracks  
  84  7:38  Marine x4  
  84  7:39  Marine  
  83  7:45  Liberator  
  83  7:46  Supply Depot  
  83  7:50  SCV  
  83  7:51  SCV  
  85  7:55  Armory  
  85  7:56  Marine  
  86  8:00  Siege Tank  
  92  8:12  SCV x2  
  94  8:18  Orbital Command  
  94  8:19  Marine x5  
  99  8:20  Marine, Combat Shields  
  99  8:24  Supply Depot, SCV  
  101  8:40  Refinery, Missile Turret  
  100  8:42  Refinery  
  89  8:59  Marine  
  89  9:00  Marine x6  
  72  9:15  Liberator  
  72  9:16  Liberator  
  70  9:17  Marine x2  
  70  9:18  Marine x2  
  68  9:31  Siege Tank  
  70  9:35  Marine  
  70  9:37  Barracks Reactor x2  
  77  9:38  Marine  
  77  9:39  Marine x3  
  77  9:41  SCV x3  
  84  9:53  Marine, SCV x3  
  84  9:56  Missile Turret  
  84  9:58  Liberator x2  
  84  9:59  Marine x2  
  89  10:00  Marine  
  89  10:01  Marauder  
  89  10:02  Terran Infantry Weapons Level 2  
  89  10:03  Terran Infantry Armor Level 2  
  89  10:04  Terran Ship Weapons Level 1  
  89  10:05  Supply Depot  
  93  10:08  Supply Depot  
  93  10:10  Starport  
  93  10:15  Marine  
  93  10:16  Marine x4  
  93  10:17  Marine  
  105  10:32  Supply Depot  
  105  10:33  Supply Depot  
  105  10:34  Marine x3  
  105  10:35  Marine x5  
  110  10:36  Marine  
  110  10:37  Siege Tank  
  117  10:48  Starport Reactor  
  117  10:52  Starport, Marine  
  117  10:53  Marine x8  
  117  10:57  SCV x2  
  128  11:10  Marine  
  129  11:18  Command Center  
  129  11:20  Siege Tank  
  129  11:23  Marine x7  
  129  11:25  Marine  
  140  11:30  Medivac  
  140  11:31  Medivac  
  144  11:37  Supply Depot  
  144  11:39  Supply Depot, Marine  
  145  11:41  Marine x3  
  148  11:47  Medivac x2  
  152  12:01  Marine  
  152  12:02  Marine x5  
  152  12:03  Marine  
  152  12:04  Marauder, Marine  
  162  12:10  Starport Tech Lab  
  162  12:31  Marauder, Marine x4  
  162  12:32  Marine x2  
  170  12:42  Barracks  
  170  12:50  Barracks  
  170  12:52  Barracks  
Show
View Real Time Build Order
Export as new Build Order

Roshyo Protoss 

Build Orders:  

Get SALT Encoding   

  12  0:01  Probe (Chrono Boost)  
  13  0:15  Pylon  
  13  0:17  Probe (Chrono Boost)  
  14  0:28  Probe (Chrono Boost)  
  15  0:38  Gateway  
  15  0:39  Probe (Chrono Boost)  
  16  0:50  Probe (Chrono Boost)  
  16  0:53  Assimilator  
  17  1:00  Probe (Chrono Boost)  
  19  1:11  Probe (Chrono Boost)  
  19  1:22  Probe (Chrono Boost)  
  20  1:31  Cybernetics Core  
  20  1:36  Assimilator  
  20  1:42  Pylon  
  20  1:45  Probe (Chrono Boost)  
  21  1:55  Probe (Chrono Boost)  
  22  2:12  Adept  
  23  2:22  Pylon  
  23  2:27  Gateway  
  23  2:35  Forge  
  23  2:37  Warp Gate (Chrono Boost)  
  23  2:49  Adept  
  25  2:51  Nexus  
  25  3:05  Pylon  
  25  3:10  Mothership Core  
  27  3:18  Adept  
  29  3:28  Adept  
  29  3:31  Probe  
  32  3:40  Pylon  
  32  3:43  Probe  
  34  3:55  Probe  
  34  3:57  Assimilator  
  34  4:05  Probe  
  34  4:07  Probe  
  36  4:19  Probe x2  
  38  4:30  Probe  
  38  4:32  Probe  
  38  4:35  Robotics Facility  
  40  4:40  Probe  
  40  4:44  Probe  
  42  4:46  Stalker  
  42  4:51  Probe  
  42  4:52  Pylon  
  44  4:56  Probe, Stalker  
  48  5:02  Probe  
  49  5:08  Probe  
  50  5:14  Probe  
  50  5:19  Robotics Facility  
  50  5:20  Probe  
  52  5:26  Probe  
  53  5:31  Robotics Bay  
  53  5:34  Pylon  
  53  5:37  Probe  
  53  5:38  Probe  
  55  5:44  Immortal  
  55  5:47  Sentry  
  55  5:49  Probe, Sentry  
  64  6:00  Assimilator  
  64  6:08  Protoss Ground Weapons Level 1  
  64  6:20  Colossus  
  64  6:23  Immortal  
  74  6:26  Probe  
  74  6:27  Probe  
  74  6:31  Stalker  
  78  6:38  Pylon  
  78  6:44  Pylon  
  78  6:45  Pylon  
  78  6:47  Pylon  
  78  6:48  Pylon  
  78  6:55  Pylon  
  78  6:58  Stalker x2  
  78  6:59  Pylon  
  82  7:05  Extended Thermal Lance (Chrono Boost)  
  82  7:11  Immortal  
  86  7:21  Stalker  
  86  7:22  Stalker  
  67  7:39  Probe  
  69  7:51  Probe  
  69  7:53  Photon Cannon  
  69  8:02  Photon Cannon  
  69  8:03  Probe  
  69  8:04  Sentry x2  
  74  8:15  Probe  
  74  8:16  Protoss Shields Level 1  
  75  8:23  Probe  
  76  8:27  Probe  
  77  8:35  Probe  
  77  8:39  Probe  
  79  8:45  Immortal  
  43  9:17  Stalker  
  43  9:18  Stalker  
  47  9:27  Colossus  
  47  9:29  Cybernetics Core  
  47  9:30  Cybernetics Core  
  45  9:31  Cybernetics Core  
  45  9:42  Gateway  
  45  9:43  Gateway  
  45  9:45  Gateway  
  45  9:53  Pylon  
  45  10:04  Nexus  
  45  10:12  Probe  
  46  10:15  Mothership Core  
  46  10:19  Colossus  
  54  10:25  Probe  
  55  10:38  Stalker  
  55  10:39  Stalker  
  59  10:57  Immortal  
  63  11:06  Probe x2  
  65  11:14  Assimilator  
  65  11:18  Probe x2, Stalker x2  
  67  11:19  Assimilator  
  67  11:23  Stalker  
  67  11:24  Probe  
  74  11:30  Probe x2  
  76  11:34  Probe  
  77  11:40  Stalker  
  77  11:41  Stalker  
  77  11:42  Probe  
  82  11:58  Probe  
  82  12:00  Probe x2  
  85  12:09  Probe  
  85  12:12  Probe x2, Colossus  
  94  12:20  Probe  
  94  12:22  Sentry  
  97  12:23  Stalker  
  97  12:24  Probe x2  
  97  12:25  Stalker  
  103  12:30  Probe  
  103  12:31  Sentry x2  
  103  12:36  Probe  
  109  12:44  Probe  
  109  12:45  Probe  
  109  12:48  Probe  
  112  12:54  Probe  
  112  12:57  Probe  
  114  13:04  Photon Cannon  
  114  13:05  Pylon  
  114  13:23  Nexus  
Tags
 
Composition
MMM Bio
Matchup
PvT
Add a new tag
Caveats
  • Supply blocks, unpowered buildings, or Contaminate may cause inaccurate times.
  • Supply counts are checked every 10 seconds.